AoeStats
← Kietz

Arabia

505594329Analyzed
3v3 RM · 22d ago on Sep 10, 2026· 52m 48s· 6 players
Game mode
Random Map
Map size
Normal (6 player)
Population
200
Speed
Normal
Resources
Standard
Victory
Conquest
Starting age
Dark Age
Ending age
Imperial Age
RankedLock teamsTeams togetherTeam positionsShared explorationLock speedFull tech treeHidden civsTurbo modeCheats
Victory
Defeat
🇨🇴 Berbers · Colombia
783
+16
🇨🇴 Gurjaras · Colombia
742
+18
🇨🇴 Franks · Colombia
648
+22
🇦🇷 Mongols · Argentina
821
-20
🇦🇷 Malay · Argentina
808
-20
🇫🇷 Ethiopians · France
723
-16
GhOsTdOg
0:28 Loom
15:09 Feudal Age
16:27 Wheelbarrow
15:40 Horse Collar
15:48 Double-Bit Axe
18:53 Arson
19:31 Scale Mail Armor
20:47 Forging
20:28 Fletching
28:05 Castle Age
26:42 Stone Mining
26:46 Gold Mining
28:26 Scale Barding Armor
29:14 Hand Cart
29:02 Heavy Plow
29:15 Bow Saw
31:39 Stone Shaft Mining
31:43 Gold Shaft Mining
35:59 Caravan
40:59 Imperial Age
41:07 Masonry
41:08 Fortified Wall
41:41 Husbandry
41:02 Cavalier
43:20 Two-Man Saw
44:47 Heavy Camel Rider
46:29 Chain Mail Armor
46:36 Chain Barding Armor
46:52 Iron Casting
49:27 Onager
50:05 Crossbowman
50:06 Elite Skirmisher
Frozono
10:19 Feudal Age
12:51 Wheelbarrow
12:56 Double-Bit Axe
21:04 Castle Age
19:49 Horse Collar
20:16 Padded Archer Armor
20:07 Fletching
20:28 Forging
21:20 Pikeman
22:00 Squires
23:56 Loom
26:17 Caravan
33:23 Hand Cart
39:47 Imperial Age
37:52 Gold Mining
37:52 Stone Mining
38:19 Bow Saw
39:01 Ballistics
38:56 Fortified Wall
39:16 Bodkin Arrow
41:02 Leather Archer Armor
40:49 Bracer
45:00 Chemistry
46:15 Elite Mangudai
47:26 Heavy Camel Rider
48:07 Husbandry
48:18 Bloodlines
48:16 Scale Barding Armor
Kietz
11:53 Feudal Age
22:26 Castle Age
20:27 Horse Collar
23:00 Forging
22:58 Squires
22:47 Arson
28:10 Iron Casting
38:06 Gold Mining
37:43 Pikeman
44:52 Imperial Age
FDAGZ
9:35 Feudal Age
10:55 Double-Bit Axe
11:40 Bloodlines
12:02 Horse Collar
16:14 Wheelbarrow
17:55 Loom
18:32 Forging
22:52 Castle Age
24:23 Bow Saw
25:05 Hand Cart
26:35 Caravan
27:34 Gold Mining
27:55 Husbandry
28:19 Fervor
28:15 Town Watch
28:40 Heavy Plow
28:59 Scale Barding Armor
29:54 Town Patrol
30:37 Treadmill Crane
33:55 Imperial Age
32:22 Masonry
32:45 Chain Barding Armor
33:03 Stone Mining
34:34 Iron Casting
35:57 Gold Shaft Mining
36:01 Stone Shaft Mining
35:43 Siege Engineers
35:06 Cavalier
36:11 Conscription
35:59 Kasbah
36:39 Elite Camel Archer
38:16 Crop Rotation
39:14 Plate Barding Armor
39:40 Blast Furnace
41:09 Maghrebi Camels
42:55 Ballistics
43:35 Chemistry
43:17 Fletching
43:28 Padded Archer Armor
44:22 Bodkin Arrow
slim Shady1318
10:30 Feudal Age
11:58 Double-Bit Axe
16:46 Loom
17:08 Horse Collar
19:57 Wheelbarrow
22:01 Castle Age
21:07 Forging
20:58 Scale Mail Armor
21:05 Scale Barding Armor
22:10 Gold Mining
22:17 Stone Mining
25:46 Bow Saw
25:38 Heavy Plow
27:28 Stone Shaft Mining
27:32 Gold Shaft Mining
28:07 Hand Cart
27:50 Town Watch
33:07 Imperial Age
30:41 Town Patrol
31:22 Iron Casting
31:02 Chain Mail Armor
31:23 Kshatriyas
31:57 Treadmill Crane
32:34 Masonry
32:20 Murder Holes
33:23 Fervor
34:38 Crop Rotation
35:58 Conscription
35:24 Elite Chakram Thrower
36:16 Husbandry
36:35 Heavy Camel Rider
38:00 Caravan
38:52 Plate Mail Armor
38:43 Chain Barding Armor
38:40 Bloodlines
40:43 Frontier Guards
41:17 Plate Barding Armor
41:25 Elite Shrivamsha Rider
46:11 Arson
52:15 Spies/Treason
Ivan Felipe HD
1:52 Loom
11:05 Feudal Age
12:34 Wheelbarrow
12:46 Double-Bit Axe
12:55 Gold Mining
15:41 Town Watch
21:28 Castle Age
21:27 Scale Barding Armor
21:32 Forging
21:25 Scale Mail Armor
22:02 Light Cavalry
22:45 Husbandry
24:10 Iron Casting
23:56 Caravan
24:19 Bow Saw
25:42 Hand Cart
28:32 Fervor
29:02 Gold Shaft Mining
28:18 Stone Mining
28:25 Stone Mining
31:14 Chain Barding Armor
32:32 Pikeman
38:47 Imperial Age
38:14 #83
40:05 Elite Throwing Axeman
41:06 Conscription
41:25 Plate Barding Armor
42:14 Town Patrol
43:49 Masonry
43:59 Murder Holes
47:17 Chivalry
48:20 Blast Furnace
47:36 Chain Mail Armor
46:57 Cavalier
53:02 Plate Mail Armor
53:05 Architecture
Connection lost

Rejoining the realm…

Still unreachable

The connection could not be restored.

Session expired

The server has moved on; the page needs a fresh start.